 Dungeon Sprint DCSS version 0.29-a0-221-gceb61267dd (webtiles) character file.

Game seed: 15135394005529209314

0 mhtbhm the Cutter (level 1, 0/21 HPs)
             Began as a Kobold Berserker on Feb 26, 2022.
             Was a Follower of Trog.
             Succumbed to Ijyb's poison
             ... in the Dungeon (Sprint I: "Red Sonja").
             The game lasted 00:00:05 (19 turns).

mhtbhm the Cutter (Kobold Berserker)                  Turns: 19, Time: 00:00:06

Health: 0/21       AC:  2    Str: 14    XL:     1   Next: 0%
Magic:  1/1        EV: 14    Int:  8    God:    Trog [*.....]
Gold:   0          SH:  0    Dex: 14    Spells: 0/0 levels left

rFire   . . .      SeeInvis .   a - +0 short sword
rCold   . . .      Faith    .   (no shield)
rNeg    . . .      Spirit   .   b - +0 animal skin
rPois   .          Reflect  .   (no helmet)
rElec   .          Harm     .   (no cloak)
rCorr   .          Rampage  .   (no gloves)
Will    .....      NoTele   +   (no boots)
Stlth   ..........              (no amulet)
HPRegen 0.07/turn               (no ring)
MPRegen 0.07/turn               (no ring)

@: berserking (expiring), lethally poisoned (0 -> -9), very quick
A: small, no large weapons, nightstalker 3
a: Renounce Religion, Berserk


You were in the Dungeon.
You worshipped Trog.
Trog was aware of your devotion.
You visited 1 branch

Inventory:

Hand Weapons
 a - a +0 short sword (weapon)
Armour
 b - a +0 animal skin (worn)
Scrolls
 h - a scroll of blinking
Potions
 c - a potion of curing
 d - a potion of heal wounds
 e - a potion of haste
 f - 2 potions of magic
 g - a potion of berserk rage


   Skills:
 + Level 3.2 Fighting
 + Level 4.0 Short Blades
 + Level 1.5 Armour
 + Level 2.4 Dodging


You couldn't memorise any spells.
You didn't know any spells.
Your spell library was empty.

Dungeon Overview and Level Annotations

Branches:
Dungeon (1/1)

Altars:


Innate Abilities, Weirdness & Mutations

You are small and have problems with some larger weapons.
You are completely attuned to the shadows.


Message History

Ijyb is moderately wounded.
Ijyb misses you.
You closely miss Ijyb.
Ijyb is moderately wounded.
You closely miss Ijyb.
Ijyb is moderately wounded.
Ijyb hits you with a +6 dagger of venom!
You are lethally poisoned!
You are too injured to fight recklessly!
You are too injured to fight recklessly!
You are too injured to fight recklessly!
You are too injured to fight recklessly!
You are too injured to fight recklessly!
You are too injured to fight recklessly!
You are too injured to fight recklessly!
You are too injured to fight recklessly!
You are too injured to fight recklessly!
You are too injured to fight recklessly!
You are too injured to fight recklessly!
You are too injured to fight recklessly!
You are too injured to fight recklessly!
You hit Ijyb but do no damage.
Ijyb is moderately wounded.
You feel very sick.
You barely miss Ijyb.
Ijyb is moderately wounded.
* * * LOW HITPOINT WARNING * * *
You feel sick. Ijyb misses you.
You puncture Ijyb!
Ijyb is severely wounded.
* * * LOW HITPOINT WARNING * * *
You feel sick.
You hit Ijyb.
Ijyb is almost dead.
* * * LOW HITPOINT WARNING * * *
You feel sick. Ijyb completely misses you.
You puncture Ijyb!
You kill Ijyb!
Trog accepts your kill.
You die...

#######
#<.#.)+
#..'@.#
#..####
#..#
#..#
#..#


There were no monsters in sight!

Vanquished Creatures
  Ijyb (D)
1 creature vanquished.

Notes
Turn   | Place    | Note
-------+----------+-------------------------------------------
     0 | D        | mhtbhm the Kobold Berserker began the quest for the Orb.
     0 | D        | Reached XP level 1. HP: 14/14 MP: 1/1
     1 | D        | Noticed Ijyb
    18 | D        | HP: 1/21 [poisoned by Ijyb]
    19 | D        | Killed Ijyb
    19 | D        | Succumbed to Ijyb's poison

Illustrated notes

Levels and vault maps discovered:
D:        dungeon_sprint_1 [red_sonja_temple_1, red_sonja_temple_small_1]

Action                   || total
-------------------------++-------
Melee: Short sword       ||    15
Invok: Berserk           ||     1
 Stab: Sleeping          ||     1
Dodge: Dodged            ||     7

Table legend: (Time is in decaauts)
 A = Elapsed time spent in this place.
 B = Non-inter-level travel time spent in this place.
 C = Inter-level travel time spent in this place.
 D = Time resting spent in this place.
 E = Time spent auto-exploring this place.
 F = Levels seen in this place.
 G = Mean time per level.
                   A        B        C        D        E       F      G
               +--------+--------+--------+--------+--------+-----+--------+
         Total |     13 |     13 |      0 |      0 |      1 |   1 |   13.0 |
       Dungeon |     13 |     13 |      0 |      0 |      1 |   1 |   13.0 |
               +--------+--------+--------+--------+--------+-----+--------+

Top non-repeatable levels by time:
       D: 13 daAuts
